 Dungeon Crawl Stone Soup version 0.28.0-53-g5a82cb258f (webtiles) character file.

Game seed: 11582008774952723651

10249 unlimited1921 the Thaumaturge (level 11, -10/68 HPs)
             Began as a Djinni Fire Elementalist on Aug 10, 2022.
             Was a Believer of Qazlal.
             Killed from afar by a gargoyle (19 damage)
             ... with a stone arrow
             ... on level 12 of the Dungeon.
             The game lasted 01:17:00 (20176 turns).

unlimited1921 the Thaumaturge (DjFE)               Turns: 20176, Time: 01:17:03

Health: -10/68     AC: 13    Str:  9    XL:     11   Next: 89%
Gold:   775        EV: 12    Int: 22    God:    Qazlal [**....] SH: 11 Dex: 15

rFire   + + +      SeeInvis +   f - +2 flail (protect)
rCold   x . .      Faith    +   M - +0 kite shield
rNeg    . . .      Spirit   .   G - +0 steam dragon scales
rPois   ∞          Reflect  .   x - +2 helmet
rElec   .          Harm     .   L - +2 cloak {rPois}
rCorr   .          Rampage  .   o - +0 pair of gloves
Will    +....                   (boots unavailable)
Stlth   ++........              l - amulet of Ephemeral Luck {Faith Str+2}
HPRegen 0.21/turn               D - ring "Cuikhleh" {Int+2 SInv}
MPRegen 0.00/turn               K - ring of protection from fire

@: about to teleport, flying
A: sickness immunity, fire resistance 2, cold vulnerability 1, float, innate
caster, HP casting, extra vitality 1
a: Renounce Religion, Upheaval


You were on level 12 of the Dungeon.
You worshipped Qazlal.
Qazlal was pleased with you.
You visited 2 branches of the dungeon, and saw 14 of its levels.

You collected 775 gold pieces.

Inventory:

Hand Weapons
 f - a +2 flail of protection (weapon)
 g - a +0 short sword of electrocution
 p - a +4 mace of freezing
 s - a +0 hunting sling
 y - a +2 dagger of draining
 z - a +3 whip
 P - a +4 short sword of freezing
Missiles
 b - 5 javelins (quivered)
 c - 257 stones
 i - 19 poisoned darts
 A - 2 throwing nets
 B - 83 bolts
 H - a curare-tipped dart
 I - 8 boomerangs
 R - 5 silver javelins
Armour
 o - a +0 pair of gloves (worn)
 x - a +2 helmet (worn)
 E - an orb of mayhem
 G - +0 steam dragon scales (worn)
 J - +0 storm dragon scales
 L - a +2 cloak of poison resistance (worn)
 M - a +0 kite shield (worn)
Jewellery
 l - the amulet of Ephemeral Luck (around neck) {Faith Str+2}
   (You acquired it on level 6 of the Dungeon)

   [amulet of faith]

   It allows you to gain divine favour quickly.
   Str:       It affects your strength (+2).
 D - the ring "Cuikhleh" (left hand) {Int+2 SInv}
   (You took it off an orc wizard on level 4 of the Dungeon)

   [ring of see invisible]

   Int:       It affects your intelligence (+2).
   SInv:      It lets you see invisible.
 K - a ring of protection from fire (right hand)
Wands
 u - a wand of polymorph (13)
 O - a wand of digging (5)
Scrolls
 d - a scroll of fear
 e - a scroll of enchant armour
 h - 4 scrolls of teleportation
 k - a scroll of blinking {unknown}
 n - a scroll of magic mapping {unknown}
 r - 2 scrolls of fog
 Q - 3 scrolls of noise {unknown}
 T - a scroll of summoning {unknown}
 U - a scroll of immolation {unknown}
 V - 2 scrolls of enchant weapon
Potions
 a - 2 potions of haste
 j - 3 potions of flight
 m - a potion of cancellation {unknown}
 q - 4 potions of attraction
 t - a potion of berserk rage
 v - 4 potions of might {unknown}
 w - 3 potions of curing
 C - a potion of resistance
 F - a potion of brilliance {unknown}
 N - a potion of magic {unknown}
 S - a potion of lignification {unknown}


   Skills:
 + Level 1.8 Fighting
 + Level 0.2 Short Blades
 + Level 0.1(0.6) Axes
 + Level 1.1 Maces & Flails
 * Level 5.0 Armour
 * Level 4.1 Dodging
 + Level 3.8 Stealth
 * Level 2.0 Shields
 * Level 11.9 Spellcasting
 * Level 5.0 Invocations


You had 7 spell levels left.
You knew the following spells:

 Your Spells              Type           Power      Damage    Failure   Level
a - Foxfire               Conj/Fire      100%       2x1d9     1%          1
b - Scorch                Fire           100%       2d10      1%          2
c - Conjure Flame         Conj/Fire      60%        6-21      1%          3
d - Inner Flame           Hex/Fire       60%        N/A       1%          3
e - Flame Wave            Conj/Fire      60%        2d12      1%          4
f - Apportation           Tloc           100%       N/A       1%          1
g - Wereblood             Tmut           60%        N/A       1%          2
h - Static Discharge      Conj/Air       60%        N/A       1%          2
i - Stone Arrow           Conj/Erth      100%       3d13      1%          3
j - Lightning Bolt        Conj/Air       30%        1d47      3%          5
Your spell library was empty.

Dungeon Overview and Level Annotations

Branches:
Dungeon (13/15)            Temple (1/1) D:5            Lair (0/6) D:8
    Orc (0/2) D:10
 Vaults: D:13-14

Altars:
Ashenzari
Cheibriados
Dithmenos
Elyvilon
Fedhas
Gozag
Hepliaklqana
Kikubaaqudgha
Makhleb
Nemelex Xobeh
Okawaru
Qazlal
Ru
Sif Muna
Trog
Uskayaw
Vehumet
Wu Jian
Xom
Yredelemnul
Zin
The Shining One

Shops:
D:1 :   D:2 *   D:10 ([

Annotations:
D:11 Psyche


Innate Abilities, Weirdness & Mutations

You are immune to sickness and miasma.
You are immune to poison.
Your flesh is very heat resistant. (rF++)
You are vulnerable to cold. (rC-)
You float through the air rather than walking.
You learn spells naturally, not from books.
Your magical power is your life essence.
You have superior vitality. (+4 MHP)


Message History

The centaur warrior zombie is engulfed in freezing vapours.
The centaur warrior zombie hits you!
* * * LOW HITPOINT WARNING * * *
The centaur warrior zombie kicks you but does no damage.
The wolf spider zombie hits you!
* * * LOW HITPOINT WARNING * * *
The wolf spider zombie bites you.
* * * LOW HITPOINT WARNING * * *
The centaur warrior zombie hits you but does no damage.
You block the centaur warrior zombie's attack.
The centaur warrior zombie barely misses you.
You block the centaur warrior zombie's attack.
Unknown command.
As you read the scroll of fear, it crumbles to dust.
You assume a fearsome visage.
The centaur warrior zombie is unaffected. x2
The wolf spider zombie is unaffected.
The gargoyle is unaffected.
You block the centaur warrior zombie's attack.
The centaur warrior zombie kicks you but does no damage.
The centaur warrior zombie is engulfed in freezing vapours.
The centaur warrior zombie hits you but does no damage.
The centaur warrior zombie kicks you but does no damage.
You feel better.
The centaur warrior zombie hits you but does no damage.
The centaur warrior zombie kicks you but does no damage.
The gargoyle hits you but does no damage.
The centaur warrior zombie is engulfed in freezing vapours.
The centaur warrior zombie hits you.
* * * LOW HITPOINT WARNING * * *
The centaur warrior zombie kicks you.
* * * LOW HITPOINT WARNING * * *
You block the centaur warrior zombie's attack.
The centaur warrior zombie kicks you but does no damage.
As you read the scroll of teleportation, it crumbles to dust.
You feel strangely unstable.
The centaur warrior zombie hits you but does no damage.
The centaur warrior zombie kicks you but does no damage.
The gargoyle hurls a stone arrow at you.
The stone arrow hits you!!
You die...

#..........
#....).... #
#...[....#
#.##........#
#........[..#
#......Z....#
#...Z9...#
#...@....#
#..○Z....#
#...$.[..#
#........#
#........#
#........#
#........#
#........#


You could see a gargoyle, a wolf spider zombie and 2 centaur warrior zombies.

Vanquished Creatures
  Fannar (D:9)
  Erolcha (D:10)
  A manticore (D:10)
  A cyclops (D:13)
  Maurice (D:9)
  An unseen horror (D:7)
  3 trolls
  2 hornets
  Sigmund (D:3)
  A shadow (D:8)
  A wraith (D:12)
  3 yaks (D:8)
  A wyvern (D:9)
  2 steam dragons
  Grum (D:9)
  4 vampire mosquitoes (D:7)
  3 orc warriors
  An ice beast (D:5)
  3 sky beasts
  6 wolves (D:8)
  4 centaurs
  4 necrophages
  4 bullfrogs
  2 kobold brigands
  A gnoll sergeant (D:7)
  A scorpion (D:2)
  A wyvern skeleton (D:7)
  2 water moccasin zombies
  A water moccasin skeleton (D:5)
  13 wights
  3 electric eels (D:8)
  6 centaur zombies
  5 hounds
  10 orc priests
  A centaur skeleton (D:7)
  2 gnoll shamans (D:4)
  A jelly (D:8)
  2 iguanas (D:5)
  18 orc wizards
  A killer bee zombie (D:7)
  A hound skeleton (D:5)
  A howler monkey zombie (D:10)
  Robin (D:3)
  13 gnolls
  6 adders
  A white imp (D:5)
  2 ufetubi
  3 worms
  2 dart slugs
  32 orcs
  6 ball pythons
  6 endoplasms
  5 giant cockroaches
  17 goblins
  10 hobgoblins
  9 jackals
  14 kobolds
  2 quokkas
  2 bats
  5 frilled lizards
258 creatures vanquished.

Vanquished Creatures (collateral kills)
  A white imp (D:6)
  A kobold (D:5)
  5 foxfires (D:4)
7 creatures vanquished.

Vanquished Creatures (others)
  653 foxfires
  4 fungi (D:2)
  37 plants
694 creatures vanquished.

Grand Total: 959 creatures vanquished

Notes
Turn   | Place    | Note
-------+----------+-------------------------------------------
     0 | D:1      | unlimited1921 the Djinni Fire Elementalist began the quest
                  | for the Orb.
     0 | D:1      | Reached XP level 1. HP: 15/15 MP: 0/0
   210 | D:1      | Found Plog's Book Shoppe.
   408 | D:1      | Reached XP level 2. HP: 14/21 MP: 0/0
  2151 | D:1      | Reached XP level 3. HP: 23/25 MP: 0/0
  2151 | D:1      | Learned a level 1 spell: Apportation
  2397 | D:2      | Found Qokogal's General Store.
  2406 | D:2      | Reached skill level 3 in Spellcasting
  3922 | D:2      | Found a faded altar of an unknown god.
  4388 | D:2      | Reached XP level 4. HP: 24/31 MP: 0/0
  4967 | D:3      | Noticed a scorpion
  4970 | D:3      | Reached skill level 1 in Armour
  4972 | D:3      | Noticed Sigmund
  4975 | D:2      | Killed a scorpion
  4976 | D:2      | Reached XP level 5. HP: 24/36 MP: 0/0
  4976 | D:2      | Learned a level 2 spell: Wereblood
  5180 | D:2      | Reached skill level 4 in Spellcasting
  5537 | D:3      | Reached XP level 6. HP: 33/41 MP: 0/0
  6174 | D:3      | Noticed Robin
  6192 | D:3      | Killed Robin
  6437 | D:3      | Killed Sigmund
  6438 | D:3      | Reached XP level 7. HP: 38/46 MP: 0/0
  6438 | D:3      | Learned a level 2 spell: Static Discharge
  6537 | D:3      | Reached skill level 1 in Fighting
  6912 | D:4      | Reached skill level 5 in Spellcasting
  7535 | D:4      | Reached XP level 8. HP: 42/52 MP: 0/0
  7967 | D:4      | Identified the ring "Cuikhleh" {Int+2 SInv}
  7972 | D:4      | Reached skill level 6 in Spellcasting
  8614 | D:5      | Entered Level 5 of the Dungeon
  8887 | D:5      | Got the Collected Works on Mutagenic Poisoning
  8934 | D:5      | Found a staircase to the Ecumenical Temple.
  8958 | Temple   | Entered the Ecumenical Temple
  9220 | Temple   | Became a worshipper of Qazlal Stormbringer
  9813 | D:5      | Reached skill level 7 in Spellcasting
 10370 | D:5      | Reached XP level 9. HP: 51/57 MP: 0/0
 10370 | D:5      | Learned a level 3 spell: Stone Arrow
 10667 | D:6      | Reached * piety under Qazlal
 10797 | D:6      | Reached skill level 8 in Spellcasting
 11285 | D:6      | Identified a scroll of acquirement
 11288 | D:6      | Acquired the amulet of Ephemeral Luck {Faith Str+2}
 11679 | D:7      | Noticed an unseen horror
 11683 | D:7      | Killed an unseen horror
 12165 | D:7      | Reached skill level 9 in Spellcasting
 12476 | D:7      | Reached XP level 10. HP: 54/63 MP: 0/0
 12742 | D:7      | Reached ** piety under Qazlal
 13815 | D:8      | Reached skill level 10 in Spellcasting
 14253 | D:8      | Reached skill level 5 in Armour
 14253 | D:8      | Reached skill level 1 in Invocations
 15091 | D:8      | Found a staircase to the Lair.
 15409 | D:8      | Reached XP level 11. HP: 52/68 MP: 0/0
 15409 | D:8      | Learned a level 5 spell: Lightning Bolt
 16117 | D:9      | Noticed Grum
 16301 | D:9      | Killed Grum
 16655 | D:9      | Reached skill level 11 in Spellcasting
 16929 | D:9      | Noticed Maurice
 16934 | D:9      | Killed Maurice
 16935 | D:9      | Reached skill level 1 in Shields
 17381 | D:10     | Entered Level 10 of the Dungeon
 17492 | D:10     | Noticed Fannar
 17516 | D:9      | Killed Fannar
 18487 | D:10     | Noticed a manticore
 18491 | D:10     | Killed a manticore
 18954 | D:10     | Found Cicus's Armour Boutique.
 18961 | D:10     | Found a staircase to the Orcish Mines.
 18965 | D:10     | Found Maejije's Weapon Boutique.
 19225 | D:10     | Found an opulent altar of Gozag.
 19336 | D:10     | Noticed Erolcha
 19338 | D:10     | Killed Erolcha
 19339 | D:10     | Reached skill level 1 in Maces & Flails
 19719 | D:11     | Noticed Psyche
 19719 | D:11     | You are sucked into a shaft and drop 2 floors!
 19719 | D:13     | Noticed a cyclops
 19726 | D:13     | Killed a cyclops
 19727 | D:13     | Reached skill level 5 in Invocations
 20173 | D:12     | HP: 2/68 [wolf spider zombie (3)]
 20176 | D:12     | Killed from afar by a gargoyle

Illustrated notes

Levels and vault maps discovered:
D:1:      lightli_molten_gateway, layout_rooms, serial_shops, shop,
          nicolae_concentric_dashed_squares_wild
D:2:      layout_loops_corners, shapermc_ecumenical_altar_ellora, serial_shops,
          nicolae_shop_temple_entry_statues_fountains, minmay_split_cup_small
D:3:      layout_rooms, uniq_sigmund, uniq_robin
D:4:      layout_basic, cheibrodos_sewer_entry_bend, serial_bayou,
          serial_bayou_lagoon_a, serial_bayou_pond_a, serial_bayou_ford_a,
          serial_bayou_shore_b, serial_bayou_shore_b
D:5:      cheibrodos_barr_body, layout_loops_ring, minmay_temple_entry_trees
D:6:      layout_rooms
D:7:      layout_loops_cross, amcnicky_mini_pool_small, minivault_27
D:8:      layout_basic, erik_lair_island, chequers_serial_rivers_small_a
D:9:      layout_basic, enter_bailey_3, uniq_grum, uniq_maurice
D:10:     layout_basic, nicolae_gozag_cash_rules_everything_around_me,
          orc_david_3, uniq_erolcha, uniq_fannar
D:11:     layout_irregular_city, hangedman_abyss_or_decor_lesser_grid,
          uniq_psyche, uniq_nergalle
D:12:     layout_long_grid, serial_undead, serial_undead_f, serial_undead_e,
          serial_undead_c, serial_undead_e, serial_undead_b, serial_undead_f
D:13:     layout_roguey
Temple:   mainiacjoe_temple_archimedes_tessellation

Skill      XL: |  1  2  3  4  5  6  7  8  9 10 11 |
---------------+----------------------------------+-----
Spellcasting   | 3 4 5 7 9 10 11 | 11.9
Armour         | 1 2 3 4 5 |  5.0
Stealth        | 2 3 |  3.8
Fighting       | 1 |  1.8
Dodging        | 3 4 |  4.1
Invocations    | 3 5 |  5.0
Shields        | 2 |  2.0
Maces & Flails | 1 |  1.1
Short Blades   | |  0.2
Axes           | |  0.1

Action                   |  1- 3 |  4- 6 |  7- 9 | 10-12 || total
-------------------------+-------+-------+-------+-------++-------
Melee: Dagger            |     1 |       |       |       ||     1
       Hand axe          |    22 |       |       |       ||    22
       Short sword       |       |     1 |    23 |       ||    24
       Flail             |       |       |     2 |    20 ||    22
Throw: Dart              |       |       |       |     1 ||     1
 Cast: Foxfire           |    59 |    50 |   158 |   130 ||   397
       Scorch            |    14 |    13 |    27 |    45 ||    99
       Inner Flame       |       |       |    40 |    44 ||    84
       Conjure Flame     |       |       |     2 |       ||     2
       Stone Arrow       |       |       |     8 |    22 ||    30
       Lightning Bolt    |       |       |       |    24 ||    24
       Flame Wave        |       |       |       |     5 ||     5
Invok: Upheaval          |       |       |       |    13 ||    13
Evoke: Wand              |       |     1 |       |       ||     1
  Use: Scroll            |       |     8 |     7 |     6 ||    21
       Potion            |       |       |       |     4 ||     4
Armor: Robe              |     1 |       |       |       ||     1
       Leather armour    |     4 |     9 |     6 |       ||    19
       Ring mail         |       |       |       |     8 ||     8
       Steam dragon scal |       |       |       |    52 ||    52
Dodge: Dodged            |    11 |    11 |     9 |    29 ||    60
Block: Kite shield       |       |       |       |    62 ||    62
